 Dungeon Crawl Stone Soup version 0.32-a0-630-g46d191b0ed (webtiles) character file.

Game seed: 3933678840043018152

1670 ezpacito the Chopper (level 9, -9/57 (68) HPs)
             Began as a Coglin Chaos Knight on Mar 6, 2024.
             Was a Plaything of Xom.
             Mangled by a wight
             ... wielding a +3 hand axe
              (10 damage)
             ... on level 6 of the Dungeon.
             The game lasted 00:08:01 (5485 turns).

ezpacito the Chopper (Coglin Chaos Knight)          Turns: 5485, Time: 00:08:01

HP:   -9/57 (68)    AC:  5    Str: 17      XL:     9   Next: 1%
MP:   12/12         EV: 13    Int: 11      God:    Xom [..*...]
Gold: 347           SH:  0    Dex: 13 (14) Spells: 9/12 levels left

rFire   . . .        a - +0 hand axe (chaos) {Charoen}
rCold   . . .        h - +4 dagger {Yuphin}
rNeg    . . .        b - +2 leather armour
rPois   .            e - +0 helmet
rElec   .            i - scarf {+Inv}
rCorr   .            (no gloves)
SInv    .            (no boots)
Will    +....        (amulet unavailable)
Stlth   ++           (ring unavailable)
HPRegen 0.29/turn    (ring unavailable)
MPRegen 0.13/turn    (no gizmo)

%: no passive effects
@: enlightened, flying, hasted, heavily drained, revved, very quick
A: off-hand wielding, slow wielding, warmup strikes, no jewellery, deformed
body, deterioration 1
a: Invent Gizmo, Renounce Religion, Evoke Invisibility


You were on level 6 of the Dungeon.
You worshipped Xom.
You were a toy of Xom.
You visited 2 branches of the dungeon, and saw 7 of its levels.

You collected 347 gold pieces.

Inventory:

Hand Weapons
 a - a +0 hand axe of chaos (weapon) {Charoen}
 c - a +0 trident
 h - a +4 dagger (offhand) {Yuphin}
 s - a +1 war axe of distortion
Missiles
 d - 2 curare-tipped darts
 o - 2 boomerangs (quivered)
Armour
 b - a +2 leather armour (worn)
 e - a +0 helmet (worn)
 i - a scarf of invisibility (worn)
 m - a +0 chain mail
Wands
 f - a wand of light (6)
 t - a wand of iceblast (8)
 D - a wand of digging (7)
Scrolls
 j - a scroll of immolation {unknown}
 k - a scroll of enchant armour {unknown}
 l - 2 scrolls of noise
 n - 3 scrolls of vulnerability
 p - a scroll of summoning {unknown}
 r - a scroll of fog {unknown}
 u - a scroll of poison {unknown}
Potions
 g - a potion of lignification {unknown}
 w - a potion of berserk rage {unknown}


   Skills:
 * Level 5.4 Fighting
 * Level 5.5(5.9) Axes
 + Level 2.9(4.3) Polearms
 * Level 4.4 Armour
 * Level 4.2 Dodging
 + Level 2.6 Stealth
 + Level 2.4 Spellcasting
 + Level 2.1 Evocations


You had 9 spell levels left.
You knew the following spells:

 Your Spells              Type           Power      Damage    Failure   Level
x - Vampiric Draining     Necr           1%         2d6       69%         3

Your spell library contained the following spells:

 Spells                   Type           Power      Damage    Failure   Level
 Foxfire                  Conj/Fire      4%         2x1d4     32%         1
 Necrotise                Necr           4%         1d4       32%         1
 Martyr's Knell           Necr/Summ      1%         N/A       97%         4
 Curse of Agony           Necr           1%         N/A       100%        5
 Plasma Beam              Fire/Air       0%         2x1d10    100%        6
 Starburst                Conj/Fire      0%         6d3       100%        6
 Chain Lightning          Conj/Air       0%         2d1       100%        9
 Fire Storm               Conj/Fire      0%         6d1       100%        9
 Shatter                  Erth           0%         3d5*      100%        9


Dungeon Overview and Level Annotations

Branches:
Dungeon (6/15)             Temple (1/1) D:5

Altars:
Ashenzari
Cheibriados
Dithmenos
Elyvilon
Fedhas
Gozag
Hepliaklqana
Kikubaaqudgha
Makhleb
Nemelex Xobeh
Okawaru
Qazlal
Ru
Sif Muna
Trog
Uskayaw
Vehumet
Wu Jian
Xom
Yredelemnul
Zin
The Shining One

Shops:
D:2 (   D:4 *


Innate Abilities, Weirdness & Mutations

You can wield a second weapon in your off-hand.
It takes a long time for you to wield or remove held weapons.
Your first few attacks do less damage.
You cannot equip rings or amulets.
Armour fits poorly on your strangely shaped body.
Your body sometimes deteriorates upon taking damage.


Message History

Your body deteriorates!
You feel clumsy.
You feel drained. The wight misses you.
Your crimson imp barely misses the wight.
Things that are here:
a +0 dagger; a +0 robe You take 15 damage, and have 10/54 hp.
MASSIVE DAMAGE!!
You hit the wight with your +4 dagger.
The wight is lightly damaged.
You slash the wight with your +0 hand axe of chaos!
Lightning courses through the wight!!
You destroy the wight!
You hit the wight with your +0 hand axe of chaos.
You hit the wight but do no damage. x2
You have reached level 9!
Your experience leads to an increase in your attributes!
Your base attributes are Str 15, Int 11, Dex 14.
Increase (s)trength, (i)ntelligence, or (d)exterity?
You feel stronger. x2
MP restored: 12 You hit the wight but do no damage.
You barely miss the wight with your +0 hand axe of chaos.
You hit the wight but do no damage. x2; The wight closely misses you. x2
The wight hits you with a +3 hand axe!
* * * LOW HITPOINT WARNING * * *
You feel drained.
* * * LOW HITPOINT WARNING * * *
The wight hits your crimson imp with a +3 hand axe.
Your crimson imp hits the wight.
You take 9 damage, and have 2/59 hp.
Okay, then.
Okay, then.
You feel better.
The wight hits your crimson imp with a +5 short sword!
The wight hits you with a +3 long sword!
* * * LOW HITPOINT WARNING * * *
You feel drained.
* * * LOW HITPOINT WARNING * * *
The wight hits you with a +3 hand axe!
You die...
Xom laughs nastily!

...# #.... .... #.. ###
.... .... #.. ##... ....
#..####.###.....
.###+#####...##.........
.#≈~≈~≈#.#..........#...
.#~≈~≈~#.#...##.........
.#≈~≈~≈#.# #...zz......#
##≈≈~≈≈#.###...5@)...#
####'###.#.#.###z.....#
..##......<...##......#
#.#.....#..............#
#......######....##....#
#.......# ........###
#.......# .#.##...#
..##....... ##..# ..#
.##......... ....


You could see 3 wights and a friendly crimson imp (summoned).

Vanquished Creatures
  An ice beast (D:5)
  An ogre (D:5)
  A centaur (D:5)
  2 phantoms
  A kobold brigand (D:3)
  4 scorpions
  2 wights (D:6)
  5 hounds
  2 bombardier beetles (D:5)
  A gnoll bouda (D:6)
  2 jellies (D:5)
  2 iguanas
  2 sleepcaps
  Jessica (D:3)
  2 orc wizards
  5 gnolls
  7 adders
  A shadow imp (D:5)
  2 ufetubi
  5 dart slugs
  15 orcs
  7 endoplasms
  3 giant cockroaches
  11 hobgoblins
  2 quokkas (D:1)
  4 ball pythons
  4 bats
  2 frilled lizards (D:3)
  12 goblins
  14 kobolds
  A rat (D:1)
124 creatures vanquished.

Vanquished Creatures (collateral kills)
  An ogre (D:5)
  A hound (D:5)
  An iguana (D:5)
  An adder (D:5)
  A quokka (D:5)
5 creatures vanquished.

Grand Total: 129 creatures vanquished

Notes
Turn   | Place    | Note
-------+----------+-------------------------------------------
     0 | D:1      | ezpacito the Coglin Chaos Knight began the quest for the
                  | Orb.
     0 | D:1      | Reached XP level 1. HP: 18/18 MP: 1/1
   132 | D:1      | Reached skill level 1 in Dodging
   228 | D:1      | Reached XP level 2. HP: 20/24 MP: 2/2
   934 | D:2      | Found Ufuyt's Weapon Boutique.
  1019 | D:2      | Reached XP level 3. HP: 29/29 MP: 3/3
  1446 | D:2      | Reached XP level 4. HP: 35/35 MP: 4/4
  1692 | D:3      | Found a white marble altar of Elyvilon.
  1741 | D:3      | XOM: silly message
  1853 | D:3      | XOM: give mutations
  1853 | D:3      | Gained mutation: Your magical capacity is low. (-10% MP)
                  | [Xom's mischief]
  1853 | D:3      | Gained mutation: You occasionally lose the ability to read
                  | scrolls when taking damage. [Xom's mischief]
  1940 | D:3      | Found a faded altar of an unknown god.
  1940 | D:3      | XOM: 4-stop teleportation journey
  1957 | D:3      | Noticed Jessica
  1962 | D:3      | Killed Jessica
  1995 | D:3      | XOM: cloud trail
  2017 | D:3      | XOM: 1-stop teleportation journey
  2103 | D:3      | XOM: confuse monster(s)
  2191 | D:3      | Found a burning altar of Makhleb.
  2196 | D:3      | Reached skill level 1 in Polearms
  2196 | D:3      | Reached XP level 5. HP: 36/41 MP: 5/5
  2199 | D:3      | Found a shadowy altar of Dithmenos.
  2202 | D:3      | Found a hide-covered altar of Uskayaw.
  2205 | D:3      | Found an iron altar of Okawaru.
  2345 | D:3      | Noticed a kobold brigand
  2347 | D:3      | XOM: smoke on damage
  2358 | D:3      | Killed a kobold brigand
  2359 | D:3      | Reached skill level 1 in Stealth
  2359 | D:3      | Reached skill level 1 in Spellcasting
  2456 | D:3      | XOM: cloud trail
  2748 | D:4      | XOM: draining
  2752 | D:4      | Found a broken altar of Ashenzari.
  2762 | D:4      | Reached XP level 6. HP: 35/44 MP: 6/6
  2928 | D:4      | Learned a level 3 spell: Vampiric Draining
  3009 | D:4      | XOM: torment (25/48 hp)
  3016 | D:4      | XOM: summons 3 hostile shadow creatures
  3125 | D:4      | XOM: scenery: 1 doors close
  3159 | D:4      | XOM: cloud trail
  3171 | D:4      | XOM: scenery: 1 doors close
  3266 | D:4      | Reached XP level 7. HP: 49/54 MP: 8/8
  3517 | D:4      | Found Wegaulio's Mayhem Merchandise.
  3631 | D:4      | XOM: cloud trail
  3782 | D:4      | Found a bloodstained altar of Trog.
  3921 | D:5      | Entered Level 5 of the Dungeon
  3921 | D:5      | XOM: summons friendly white imp
  3923 | D:5      | XOM: enchant monster (good)
  3926 | D:5      | XOM: enchant monster (good)
  4225 | D:5      | Reached XP level 8. HP: 61/61 MP: 9/9
  4276 | D:5      | Found a staircase to the Ecumenical Temple.
  4397 | D:5      | XOM: summons friendly quasit
  4403 | D:5      | Reached skill level 5 in Axes
  4417 | D:5      | Identified the +1 rapier of Offafoa {protect, Dex+3}
  4452 | D:5      | Reached skill level 1 in Evocations
  4579 | D:5      | Reached skill level 5 in Fighting
  4581 | D:5      | XOM: silly message
  4733 | D:5      | XOM: god gift: purple potion {god gift}
  4891 | D:5      | XOM: give mutations
  4891 | D:5      | Gained mutation: Your magical capacity is very low. (-20%
                  | MP) [Xom's mischief]
  4891 | D:5      | Gained mutation: Your body sometimes deteriorates upon
                  | taking damage. [Xom's mischief]
  4892 | D:5      | Lost mutation: You occasionally lose the ability to read
                  | scrolls when taking damage. [potion of mutation]
  4892 | D:5      | Lost mutation: Your magical capacity is very low. (-20% MP)
                  | [potion of mutation]
  4892 | D:5      | Lost mutation: Your magical capacity is low. (-10% MP)
                  | [potion of mutation]
  4892 | D:5      | Gained mutation: Armour fits poorly on your strangely
                  | shaped body. [potion of mutation]
  4892 | D:5      | Lost mutation: Armour fits poorly on your strangely shaped
                  | body. [potion of mutation]
  4892 | D:5      | Gained mutation: Armour fits poorly on your strangely
                  | shaped body. [potion of mutation]
  5038 | Temple   | Entered the Ecumenical Temple
  5124 | D:6      | XOM: enchant monster (good)
  5474 | D:6      | XOM: potion effect (haste)
  5479 | D:6      | XOM: summons friendly crimson imp
  5484 | D:6      | Reached XP level 9. HP: 11/61 MP: 12/12
  5484 | D:6      | HP: 2/59 [wight/+3 hand axe (2)]
  5485 | D:6      | Mangled by a wight

Illustrated notes

Levels and vault maps discovered:
D:1:      evilmike_arrival_rings, layout_basic
D:2:      cheibrodos_greedy_goblins, layout_loops_ring, serial_shops, shop
D:3:      cheibrodos_thug_alley, layout_loops_ring,
          grunt_temple_overflow_cloverleaf, mainiacjoe_overflow_chevrons,
          shapermc_ecumenical_altar_starsandcircs, uniq_jessica
D:4:      minmay_chambers_of_twos, layout_loops_cross, evilmike_ruin_ashenzari,
          kennysheep_mini, minmay_shop_mayhem
D:5:      minmay_razor_zed, layout_rooms, temple_fountains, serial_curves,
          eino_curves_04, eino_curves_04, lemuel_flamethrower_2
D:6:      layout_cave_pools, grunt_decor_cap, chequers_serial_rivers_room_b,
          uniq_maggie
Temple:   eino_wide_crystal_templ

Skill      XL: |  1  2  3  4  5  6  7  8 |
---------------+-------------------------+-----
Dodging        | 1 2 3 4 |  4.2
Armour         | 2 3 4 |  4.4
Polearms       | 1 2 |  2.9
Stealth        | 1 2 |  2.6
Spellcasting   | 1 2 |  2.4
Axes           | 4 5 |  5.5
Fighting       | 4 5 |  5.4
Evocations     | 2 |  2.1

Action                     |  1- 3 |  4- 6 |  7- 9 || total
---------------------------+-------+-------+-------++-------
  Melee: Hand axe          |    47 |    89 |   152 ||   288
         Dagger            |    46 |    88 |   145 ||   279
    Use: Scroll            |       |     6 |     6 ||    12
         Potion            |       |     3 |     7 ||    10
   Stab: Distracted        |       |     1 |     2 ||     3
         Confused          |       |       |     5 ||     5
         Sleeping          |       |       |     1 ||     1
 Armour: Leather armour    |    26 |    62 |   119 ||   207
  Dodge: Dodged            |    27 |    61 |   127 ||   215

Table legend: (Time is in decaauts)
 A = Elapsed time spent in this place.
 B = Non-inter-level travel time spent in this place.
 C = Inter-level travel time spent in this place.
 D = Time resting spent in this place.
 E = Time spent auto-exploring this place.
 F = Levels seen in this place.
 G = Mean time per level.
                   A        B        C        D        E       F      G
               +--------+--------+--------+--------+--------+-----+--------+
         Total |   5516 |   5266 |    250 |    390 |   3888 |   7 |  788.0 |
       Dungeon |   5514 |   5265 |    249 |    390 |   3888 |   6 |  919.0 |
        Temple |      1 |      1 |      0 |      0 |      0 |   1 |    1.0 |
               +--------+--------+--------+--------+--------+-----+--------+

Top non-repeatable levels by time:
     D:5: 1361 daAuts
     D:3: 1282 daAuts
     D:4: 1112 daAuts
     D:1: 878 daAuts
     D:2: 676 daAuts
     D:6: 202 daAuts
  Temple: 1 daAuts
